AoeStats
← LeonTK

African Clearing

504555146Analyzed
4v4 RM · 26d ago on Sep 5, 2026· 15m 42s· 8 players
Game mode
Random Map
Map size
Large (8 player)
Population
200
Speed
Normal
Resources
Standard
Victory
Conquest
Starting age
Dark Age
Ending age
Imperial Age
RankedLock teamsTeams togetherTeam positionsShared explorationLock speedFull tech treeHidden civsTurbo modeCheats
Victory
Defeat
🇨🇳 Armenians · China
1434
+12
🇨🇳 Vietnamese · China
1420
+13
🇨🇳 Magyars · China
1410
+13
🇨🇳 Mongols · China
1300
+17
🇻🇪 Berbers · Venezuela
1433
-17
🇦🇹 Koreans · Austria
1329
-13
🇺🇸 Romans · United States
1317
-13
🇲🇽 Tatars · Mexico
1286
-12
LeonTK
12:24 Feudal Age
12:58 Double-Bit Axe
13:27 Loom
Diheadwarlord
8:03 Loom
12:46 Feudal Age
13:39 Man-at-Arms
15:13 Scale Mail Armor
JAGR_Soyuncacahuate
9:35 Loom
12:08 Feudal Age
13:37 Fletching
JAGR | GoodByeWorld
12:54 Feudal Age
12:36 Loom
14:54 Double-Bit Axe
柠檬头的喜悦
9:53 Loom
12:28 Feudal Age
13:29 Double-Bit Axe
14:37 Town Watch
860
2:59 Loom
13:06 Feudal Age
16:38 Castle Age
14:35 Double-Bit Axe
14:57 Horse Collar
老狐狸
5:37 Loom
11:31 Feudal Age
15:35 Scale Barding Armor
Daily
10:01 Loom
11:52 Feudal Age
11:55 Man-at-Arms
12:51 Long Swordsman
13:52 Arson
Connection lost

Rejoining the realm…

Still unreachable

The connection could not be restored.

Session expired

The server has moved on; the page needs a fresh start.